 Dungeon Crawl Stone Soup version 0.25-b1-46-gb8a1ec05df (webtiles) character file.

Game seed: 5849387678036858806

203132 Delamore the Bludgeoner (level 19, -5/125 HPs)
             Began as a Gargoyle Fighter on June 9, 2020.
             Was the Champion of Okawaru.
             Slain by an acid blob (6 damage)
             ... on level 2 of the Depths.
             The game lasted 01:21:57 (34653 turns).

Delamore the Bludgeoner (Gargoyle Fighter)         Turns: 34653, Time: 01:21:57

Health: -5/125     AC: 25    Str: 27    XL:     19   Next: 4%
Magic:  8/9        EV:  8    Int:  9    God:    Okawaru [******]
Gold:   4430       SH: 19    Dex: 20    Spells: 18/18 levels left

rFire    . . .     SeeInvis +   e - +4 demon whip (antimagic)
rCold    . . .     Gourm    .   Q - +5 buckler "Dan Feif" {rCorr Slay+2}
rNeg     + + .     Faith    .   u - +2 plate armour {rN+}
rPois    ∞         Spirit   .   (helmet restricted)
rElec    +         Reflect  +   r - +2 cloak of Experimentation {Dex+5}
rCorr    +         Harm     .   q - +2 pair of gloves {Dex+3}
MR       ++...                  m - +0 pair of boots
Stlth    ..........             V - amulet of reflection
HPRegen  0.70/turn              c - ring of protection from magic
MPRegen  0.11/turn              J - ring of see invisible

@: corroded
A: big wings, horns 1, agile 1, negative energy resistance 1, regeneration 1,
electricity resistance, unbreathing, petrification resistance, rot immunity, AC
+14
a: Fly, Heroism, Finesse, Renounce Religion


You were on level 2 of the Depths.
You worshipped Okawaru.
Okawaru was exalted by your worship.
You were hungry.

You visited 5 branches of the dungeon, and saw 26 of its levels.
You also visited: Gauntlet.

You collected 4812 gold pieces.
You spent 382 gold pieces at shops.

Inventory:

Hand Weapons
 e - a +4 antimagic demon whip (weapon)
Missiles
 z - 11 atropa-tipped darts
 A - 2 throwing nets
 C - 11 javelins (quivered)
 D - 4 datura-tipped darts
 P - 11 silver javelins
Armour
 k - a +1 plate armour of cold resistance
 m - a +0 pair of boots (worn)
 q - a +2 pair of gloves of dexterity (worn)
 r - the +2 cloak of Experimentation (worn) {Dex+5}
   (Okawaru gifted it to you on level 1 of the Lair of Beasts)

   It affects your dexterity (+5).
 u - a +2 plate armour of positive energy (worn)
 N - a +2 plate armour of fire resistance
 Q - the +5 buckler "Dan Feif" (worn) {rCorr Slay+2}
   (You found it on level 9 of the Dungeon)

   It affects your accuracy and damage with ranged weapons and melee attacks
   (+2).
   It provides partial protection from all sources of acid and corrosion.
Jewellery
 c - a ring of protection from magic (left hand)
 i - the amulet "Qoaleipi" {Spirit rElec rPois rC+ MR+}
   (You found it in a Gauntlet)

   [amulet of guardian spirit]

   It causes incoming damage to be split between your health and magic.
   It protects you from cold.
   It insulates you from electricity.
   It protects you from poison.
   It affects your resistance to hostile enchantments.
 J - a ring of see invisible (right hand)
 V - an amulet of reflection (around neck)
Wands
 p - a wand of iceblast (8)
 x - a wand of disintegration (4)
 H - a wand of flame (60)
 L - a wand of enslavement (31)
 M - a wand of polymorph (23)
 O - a wand of digging (17)
 T - a wand of acid (20)
 W - a wand of clouds (5)
 Y - a wand of paralysis (7)
Scrolls
 b - 4 scrolls of fear
 g - 5 scrolls of identify
 h - 2 scrolls of magic mapping
 l - 5 scrolls of remove curse
 o - 6 scrolls of enchant weapon
 s - 2 scrolls of blinking
 t - 5 scrolls of enchant armour
 v - 3 scrolls of fog
 y - 9 scrolls of teleportation
 S - a scroll of torment
 Z - 3 scrolls of holy word
Potions
 a - 4 potions of cancellation
 d - 7 potions of might
 n - 4 potions of resistance
 w - a potion of heal wounds
 B - 8 potions of curing
 F - 3 potions of mutation
 R - 2 potions of berserk rage
 X - 3 potions of haste
Miscellaneous
 j - a phantom mirror
 I - a lightning rod (4/4)
Comestibles
 f - 41 rations


   Skills:
 - Level 15.7 Fighting
 - Level 16.0 Maces & Flails
 - Level 14.3 Armour
 - Level 14.8 Shields
 + Level 12.5 Invocations
 + Level 10.8 Evocations


You had 18 spell levels left.
You didn't know any spells.
Your spell library contained the following spells:

 Spells                   Type           Power        Failure   Level  Hunger
 Corona                   Hex            #......      95%         1    ##.....
 Magic Dart               Conj           #...         95%         1    ##.....
 Sandblast                Erth           #.....       95%         1    ##.....
 Sting                    Tmut/Pois      #...         95%         1    ##.....
 Passwall                 Tmut/Erth      #.......     99%         2    ###....
 Poisonous Vapours        Pois/Air       #.....       99%         2    ###....
 Slow                     Hex            #.......     99%         2    ###....
 Confusing Touch          Hex            #.......     100%        3    ####...
 Gell's Gravitas          Tloc           #.........   100%        3    ####...
 Ignite Poison            Fire/Tmut/Pois #.......     100%        3    ####...
 Inner Flame              Hex/Fire       #.......     100%        3    ####...
 Mephitic Cloud           Conj/Pois/Air  #.......     100%        3    ####...
 Portal Projectile        Hex/Tloc       #.....       100%        3    ####...
 Stone Arrow              Conj/Erth      #.....       100%        3    ####...
 Cause Fear               Hex            #.........   100%        4    #####..
 Leda's Liquefaction      Hex/Erth       #.........   100%        4    #####..
 Olgreb's Toxic Radiance  Pois           #.......     100%        4    #####..
 Petrify                  Tmut/Erth      #.......     100%        4    #####..
 Bolt of Magma            Conj/Fire/Erth #.........   100%        5    ######.
 Iskenderun's Battlesphe  Conj/Chrm      #.......     100%        5    ######.
 Lee's Rapid Deconstruct  Erth           #.........   100%        5    ######.
 Metabolic Englaciation   Hex/Ice        #.........   100%        5    ######.
 Yara's Violent Unravell  Hex/Tmut       #.........   100%        5    ######.
 Iron Shot                Conj/Erth      #.........   100%        6    #######
 Orb of Destruction       Conj           #.........   100%        7    #######
 Spellforged Servitor     Conj/Summ      #.........   100%        7    #######


Dungeon Overview and Level Annotations

Branches:
Dungeon (15/15)            Temple (1/1) D:5            Lair (6/6) D:9
 Shoals (0/4) Lair:2       Spider (0/4) Lair:2        Slime (0/5) Lair:6
    Orc (2/2) D:10            Elf (0/3) Orc:2        Vaults (0/5) D:14
 Depths (2/5) D:15        Gauntlet (visited)

Altars:
Ashenzari
Cheibriados
Dithmenos
Elyvilon
Fedhas
Gozag
Hepliaklqana
Kikubaaqudgha
Makhleb
Nemelex Xobeh
Okawaru
Qazlal
Ru
Sif Muna
Trog
Uskayaw
Vehumet
Wu Jian
Xom
Yredelemnul
Zin
The Shining One
Beogh

Shops:
D:11 =   D:12 [*   D:14 (   D:15 [   Orc:1 *!*   Orc:2 !*[:

Portals:
Hell: Lair:6 Depths:1
Abyss: Depths:1
Pandemonium: Orc:2 Depths:1


Innate Abilities, Weirdness & Mutations

You are resistant to torment.
Your stone body is resilient. (AC +14)
You are immune to poison.
Your large and strong wings let you fly indefinitely.
You resist negative energy. (rN+)
You are resistant to electric shocks. (rElec)
You can survive without breathing.
You are immune to petrification.
You are immune to rotting.
You have a pair of small horns on your head.
You are agile. (Dex +2)
Your natural rate of healing is unusually fast.


Message History

You headbutt the acid blob, but do no damage.
The acid blob is moderately wounded.
The acid blob spits acid at you. The splash of acid hits you. You resist.
* * * LOW HITPOINT WARNING * * *
The acid corrodes you!
You are splashed with acid.
You resist.
* * * LOW HITPOINT WARNING * * *
The iron troll bites you!
* * * LOW HITPOINT WARNING * * *
You block the iron troll's attack. x2
You hit the acid blob but do no damage.
Your hands burn!
* * * LOW HITPOINT WARNING * * *
You headbutt the acid blob, but do no damage.
The acid blob is moderately wounded.
You block the deep troll earth mage's attack.
The deep troll earth mage claws you!
* * * LOW HITPOINT WARNING * * *
You block the deep troll earth mage's attack.
The acid blob hits you.
You die...

.PPPP.............#
..................###
......(...........#.#
.....[[............##
...[.(..............#
....................##
......................
................J.###
!...............@.#
...............TT.###..#
...............[........
....................#..#
....................# #
......#...........#...
........................
..................###..#
................... ..#


You could see an acid blob, an iron troll (fast) and a deep troll earth mage.

Vanquished Creatures
  Saint Roka (Depths:1)
  Rupert (D:15)
  Asterion (Depths:1)
  An acid blob (Depths:2)
  A sphinx (Depths:2)
  A thorn hunter (Depths:2)
  Donald (Orc:2)
  A cacodemon (Depths:1)
  An iron dragon (Depths:1)
  A ghost moth (shapeshifter) (D:15)
  The ghost of Jaliuk the Eclecticist, a journeyman DECj of Vehumet (D:14)
  3 stone giants
  13 very ugly things (Depths:1)
  A vampire knight (D:14)
  A minotaur (Gauntlet)
  2 ettins (Depths:1)
  An ice dragon (Depths:2)
  2 great orbs of eyes
  4 fire dragons
  A rakshasa (Depths:1)
  7 hydras
  A spectral tengu (D:14)
  A spriggan air mage (Depths:2)
  6 centaur warriors
  15 two-headed ogres
  An ogre mage (Depths:1)
  A death knight (D:15)
  3 death yaks (Lair:6)
  A deep troll shaman (Depths:2)
  Urug (Lair:5)
  A titan zombie (Depths:1)
  6 tengu warriors
  3 orc high priests (Orc:2)
  A soul eater (Orc:2)
  Nergalle (D:10)
  An iron troll (Depths:2)
  A sixfirhy (Lair:6)
  A spectral spriggan (D:14)
  5 hell knights
  2 unseen horrors (D:12)
  A deep troll (Depths:2)
  9 skeletal warriors
  2 glowing orange brains (Depths:1)
  A torturous demonspawn (Orc:2)
  3 infernal demonspawn
  2 wizards
  A phantasmal warrior (D:15)
  4 necromancers
  A wolf spider zombie (D:14)
  2 deep elf magi
  7 orc knights
  A tengu skeleton (Depths:1)
  32 ugly things
  9 orc sorcerers
  4 manticores
  4 cyclopes
  2 black mambas
  A stone giant skeleton (Depths:1)
  A rust devil (Orc:2)
  6 centaur zombies
  A smoke demon (Lair:6)
  19 elephants
  11 spiny frogs
  3 orange demons
  A yaktaur (Depths:1)
  15 rime drakes
  2 kobold demonologists (D:11)
  2 efreet
  15 komodo dragons
  2 freezing wraiths (D:14)
  4 ice devils (Lair:6)
  9 trolls
  2 red devils
  A hornet (D:15)
  Grinder (D:4)
  A polar bear (Lair:6)
  3 meliai (D:11)
  11 hippogriffs
  9 blink frogs
  12 slime creatures
  7 dream sheep (Lair:3)
  A centaur simulacrum (Gauntlet)
  A tarantella (Lair:2)
  2 water elementals
  Sigmund (D:6)
  A shadow (D:12)
  A spriggan (D:7)
  A spriggan (shapeshifter) (D:15)
  63 yaks
  A tarantella (shapeshifter) (Depths:1)
  4 wyverns
  A yak (shapeshifter) (Depths:2)
  2 wraiths
  11 steam dragons
  7 basilisks
  4 vampire mosquitoes
  2 hungry ghosts
  3 chaos spawn
  2 yaktaur simulacra (D:14)
  4 wargs
  2 acid dragons
  A floating eye (Depths:1)
  7 porcupines
  14 water moccasins
  Duvessa (D:6)
  A meliai simulacrum (Gauntlet)
  A hydra simulacrum (Gauntlet)
  4 hell hounds (Lair:6)
  2 ice beasts
  5 black bears
  42 orc warriors
  A black bear (shapeshifter) (D:15)
  19 ogres
  5 sky beasts
  A hornet zombie (D:11)
  3 necrophages
  An eye of draining (D:10)
  19 wolves
  22 centaurs
  27 crocodiles
  2 big kobolds (D:11)
  21 bullfrogs
  Dowan (D:6)
  3 scorpions
  A water moccasin skeleton (D:9)
  17 killer bees
  11 wights
  6 electric eels
  3 howler monkeys
  7 crimson imps
  8 hounds
  33 orc priests
  2 bullfrog skeletons
  6 jellies
  Crazy Yiuf (D:4)
  2 centaur skeletons
  19 orc wizards
  6 iguanas
  8 worker ants
  A killer bee zombie (D:10)
  A hound zombie (D:7)
  A hound skeleton (D:7)
  A howler monkey zombie (D:6)
  2 worker ant zombies
  9 gnolls
  A howler monkey skeleton (D:4)
  7 adders
  4 shadow imps
  2 adder skeletons
  3 worms
  2 dart slugs
  8 leopard geckos
  131 orcs
  4 bats
  5 giant cockroaches
  7 goblins
  6 hobgoblins
  6 quokkas
  2 ball pythons
  14 kobolds
  6 rats
  A briar patch (Depths:2)
993 creatures vanquished.

Vanquished Creatures (others)
  A steam dragon (Lair:3)
  An orc (D:11)
  9 fungi
  14 plants
25 creatures vanquished.

Grand Total: 1018 creatures vanquished

Notes
Turn   | Place    | Note
-------+----------+-------------------------------------------
     0 | D:1      | Delamore the Gargoyle Fighter began the quest for the Orb.
     0 | D:1      | Reached XP level 1. HP: 14/14 MP: 1/1
   170 | D:1      | Reached XP level 2. HP: 17/19 MP: 2/2
   302 | D:1      | Reached skill level 3 in Maces & Flails
   613 | D:2      | Reached XP level 3. HP: 18/23 MP: 3/3
  1150 | D:2      | Reached skill level 4 in Maces & Flails
  1355 | D:2      | Reached XP level 4. HP: 28/28 MP: 4/4
  1379 | D:2      | Found a shattered altar of Ashenzari.
  1380 | D:2      | Found a sacrificial altar of Ru.
  1381 | D:2      | Found an ornate altar of the Wu Jian Council.
  2373 | D:4      | Found a runed translucent door.
  2374 | D:4      | Noticed Crazy Yiuf
  2400 | D:4      | Noticed an ogre
  2408 | D:4      | Killed an ogre
  2408 | D:4      | Reached skill level 5 in Maces & Flails
  2408 | D:4      | Reached XP level 5. HP: 14/32 MP: 5/5
  2722 | D:4      | Found an iron altar of Okawaru.
  2722 | D:4      | Noticed an ogre
  2742 | D:4      | Found a shadowy altar of Dithmenos.
  2751 | D:4      | Became a worshipper of Warmaster Okawaru
  3367 | D:4      | Reached skill level 6 in Maces & Flails
  3641 | D:4      | Noticed Grinder
  3652 | D:4      | Killed Grinder
  3652 | D:4      | Reached * piety under Okawaru
  3652 | D:4      | Reached skill level 7 in Maces & Flails
  3652 | D:4      | Reached XP level 6. HP: 27/37 MP: 6/6
  3894 | D:4      | Reached XP level 7. HP: 39/41 MP: 7/7
  3971 | D:4      | Killed Crazy Yiuf
  3971 | D:4      | Reached ** piety under Okawaru
  4101 | D:5      | Entered Level 5 of the Dungeon
  4113 | D:5      | Reached skill level 8 in Maces & Flails
  4131 | D:5      | Noticed a hippogriff
  4141 | D:5      | Killed a hippogriff
  4320 | D:5      | Found a staircase to the Ecumenical Temple.
  4359 | D:5      | Found a bloodstained altar of Trog.
  4373 | Temple   | Entered the Ecumenical Temple
  4619 | D:5      | Found a glowing golden altar of the Shining One.
  4619 | D:5      | Found a hazy altar of Hepliaklqana.
  4621 | D:5      | Found a glowing silver altar of Zin.
  4627 | D:5      | Reached skill level 9 in Maces & Flails
  4627 | D:5      | Reached XP level 8. HP: 46/46 MP: 8/8
  4840 | D:5      | Reached *** piety under Okawaru
  5478 | D:6      | Reached skill level 10 in Maces & Flails
  5496 | D:6      | Noticed Sigmund
  5498 | D:6      | Killed Sigmund
  5645 | D:6      | Reached skill level 11 in Maces & Flails
  5729 | D:6      | Noticed Dowan
  5732 | D:6      | Noticed Duvessa
  5761 | D:6      | Killed Duvessa
  5761 | D:6      | Reached **** piety under Okawaru
  5761 | D:6      | Reached XP level 9. HP: 35/51 MP: 9/9
  5764 | D:6      | Killed Dowan
  6016 | D:6      | Found an ancient bone altar of Kikubaaqudgha.
  6020 | D:6      | Found a shimmering blue altar of Sif Muna.
  6022 | D:6      | Found a radiant altar of Vehumet.
  6026 | D:6      | Identified Vehumet's Handbook of Combat Magic
  6637 | D:7      | Reached skill level 12 in Maces & Flails
  7475 | D:8      | Reached ***** piety under Okawaru
  7563 | D:8      | Reached skill level 13 in Maces & Flails
  7724 | D:8      | Noticed a two-headed ogre
  7725 | D:8      | Noticed a centaur warrior
  7725 | D:8      | Noticed a white ugly thing
  7726 | D:8      | Noticed a troll
  7727 | D:8      | Noticed a centaur warrior
  7727 | D:8      | Noticed a white ugly thing
  8047 | D:8      | Noticed a two-headed ogre
  8256 | D:8      | Reached XP level 10. HP: 53/56 MP: 10/10
  8264 | D:8      | Received a gift from Okawaru
  8289 | D:8      | Noticed a tengu warrior
  8506 | D:8      | Killed a tengu warrior
  8506 | D:8      | Reached skill level 14 in Maces & Flails
  8979 | D:8      | Killed a two-headed ogre
  9052 | D:8      | Noticed a centaur warrior
  9071 | D:8      | Killed a centaur warrior
  9071 | D:8      | Reached skill level 5 in Fighting
  9399 | D:9      | Reached XP level 11. HP: 59/65 MP: 11/11
  9416 | D:9      | Noticed a two-headed ogre
  9642 | D:8      | Reached skill level 5 in Shields
  9711 | D:9      | Noticed a two-headed ogre
  9721 | D:9      | Killed a two-headed ogre
  9721 | D:9      | Reached skill level 15 in Maces & Flails
  9812 | D:9      | Found a shimmering altar of Xom.
  9824 | D:9      | Found a shimmering altar of Xom.
  9824 | D:9      | Found a shimmering altar of Xom.
  9842 | D:9      | Found a shimmering altar of Xom.
  9842 | D:9      | Found a shimmering altar of Xom.
  9843 | D:9      | Found a shimmering altar of Xom.
  9843 | D:9      | Found a shimmering altar of Xom.
  9948 | D:9      | Killed a two-headed ogre
  9948 | D:9      | Received a gift from Okawaru
  9948 | D:9      | Reached ****** piety under Okawaru
  9951 | D:9      | Got a twisted dire flail {god gift}
  9957 | D:9      | Identified the +6 dire flail of Forced Transition {freeze,
                  | rPois} (Okawaru gifted it to you on level 9 of the Dungeon)
 10009 | D:9      | Found a staircase to the Lair.
 10058 | D:9      | Got a glimmering buckler
 10065 | D:9      | Identified the +5 buckler "Dan Feif" {rCorr Slay+2} (You
                  | found it on level 9 of the Dungeon)
 10231 | D:10     | Entered Level 10 of the Dungeon
 10923 | D:10     | Noticed an orc knight
 10939 | D:10     | Killed an orc knight
 11118 | D:10     | Found a staircase to the Orcish Mines.
 11120 | D:10     | Found a roughly hewn altar of Beogh.
 11357 | Lair:1   | Entered Level 1 of the Lair of Beasts
 11379 | Lair:1   | Received a gift from Okawaru
 11382 | Lair:1   | Got a blackened cloak {god gift}
 11393 | Lair:1   | Identified the +2 cloak of Experimentation {Dex+5} (Okawaru
                  | gifted it to you on level 1 of the Lair of Beasts)
 11415 | Lair:1   | Reached XP level 12. HP: 74/76 MP: 12/12
 11636 | Lair:1   | Reached skill level 16 in Maces & Flails
 12299 | Lair:2   | Found a hole to the Spider Nest.
 12405 | Lair:2   | Reached skill level 5 in Armour
 12568 | Lair:2   | Noticed a seven-headed hydra
 12578 | Lair:2   | Killed a seven-headed hydra
 12681 | Lair:2   | Found a staircase to the Shoals.
 13504 | Lair:3   | Received a gift from Okawaru
 13920 | Lair:3   | Reached XP level 13. HP: 58/82 MP: 13/13
 14272 | Lair:3   | Reached skill level 10 in Shields
 14282 | Lair:3   | Received a gift from Okawaru
 15244 | Lair:4   | Reached skill level 10 in Armour
 15563 | Lair:5   | Noticed Urug
 15592 | Lair:5   | Killed Urug
 16701 | Lair:6   | Entered Level 6 of the Lair of Beasts
 16717 | Lair:6   | Received a gift from Okawaru
 16746 | Lair:6   | Gained mutation: Your large and strong wings let you fly
                  | indefinitely. [Gargoyle growth]
 16746 | Lair:6   | Reached XP level 14. HP: 85/87 MP: 14/14
 17125 | Lair:6   | Received a gift from Okawaru
 17435 | Lair:6   | Found a staircase to the Slime Pits.
 17472 | Lair:6   | Identified a scroll of acquirement
 18501 | Lair:6   | Found a burning altar of Makhleb.
 18544 | Lair:6   | HP: 4/87 [ice devil (21)]
 19190 | Lair:6   | Found a gateway to Hell.
 19451 | Lair:3   | Received a gift from Okawaru
 19454 | Lair:3   | Got encrusted swamp dragon scales {god gift}
 19465 | Lair:3   | Identified the +0 swamp dragon scales of Defence {rPois
                  | Dex+5} (Okawaru gifted it to you on level 3 of the Lair of
                  | Beasts)
 19587 | Orc:1    | Entered Level 1 of the Orcish Mines
 19588 | Orc:1    | Found Xucats's Assorted Antiques.
 19703 | Orc:1    | Noticed Nergalle
 19763 | D:10     | Killed Nergalle
 20171 | Orc:1    | Found Bifiy's General Store.
 20177 | Orc:1    | Bought a scroll of identify for 34 gold pieces
 20190 | Orc:1    | Found Tyacotes's Distillery.
 20195 | Orc:1    | Bought a potion of might for 64 gold pieces
 20195 | Orc:1    | Bought a potion of might for 64 gold pieces
 20307 | Orc:2    | Entered Level 2 of the Orcish Mines
 20318 | Orc:1    | Paralysed by an orc sorcerer for 3 turns
 20489 | Orc:2    | Noticed Donald
 20518 | Orc:2    | Killed Donald
 21120 | Orc:2    | Found Pefeevi's General Store.
 21121 | Orc:2    | Found Juaxot's Distillery.
 21824 | Orc:2    | Bought a potion of heal wounds for 65 gold pieces
 21826 | Orc:2    | Bought a scroll of teleportation for 45 gold pieces
 21826 | Orc:2    | Bought a scroll of magic mapping for 52 gold pieces
 22130 | Orc:2    | Reached XP level 15. HP: 92/92 MP: 15/15
 22147 | Orc:2    | Paralysed by an orc sorcerer for 4 turns
 22188 | Orc:2    | Paralysed by an orc sorcerer for 2 turns
 22352 | Orc:2    | Reached skill level 10 in Fighting
 23174 | Orc:2    | Paralysed by an orc sorcerer for 2 turns
 23293 | Orc:2    | Found a staircase to the Elven Halls.
 23688 | Orc:2    | Paralysed by an orc sorcerer for 3 turns
 23859 | Orc:2    | Found Rakkywul's Antique Armour Shop.
 23859 | Orc:2    | Found Aliorph's Book Boutique.
 23860 | Orc:2    | Found a one-way gate leading to the halls of Pandemonium.
 24826 | D:11     | HP: 1/95 [meliai/divine providence (14)]
 25926 | D:11     | Received a gift from Okawaru
 26103 | D:11     | Found Iceshroma's Jewellery Boutique.
 26764 | D:12     | Found a shimmering altar of Xom.
 27055 | D:12     | Found Xene's Armour Shoppe.
 27061 | D:12     | Bought a +0 helmet for 58 gold pieces
 27085 | D:12     | Found Gozag's Platinum Reserve.
 27085 | D:12     | Found an opulent altar of Gozag.
 27207 | D:12     | Received a gift from Okawaru
 27208 | D:12     | Identified the +1 leather armour "Umoitzavo" {*Corrode rN+
                  | Dex+9}
 28320 | D:13     | Reached XP level 16. HP: 78/105 MP: 16/16
 28819 | D:13     | Reached skill level 15 in Fighting
 28819 | D:13     | Reached XP level 17. HP: 114/114 MP: 17/17
 29055 | D:13     | Reached skill level 1 in Invocations
 29110 | D:13     | Reached skill level 1 in Evocations
 29532 | D:14     | Noticed Jaliuk's ghost (journeyman DECj)
 29535 | D:14     | Found a transporter.
 29620 | D:14     | Gained mutation: You are agile. (Dex +2) [potion of
                  | mutation]
 29620 | D:14     | Gained mutation: You have a pair of small horns on your
                  | head. [potion of mutation]
 29620 | D:14     | Gained mutation: Your natural rate of healing is unusually
                  | fast. [potion of mutation]
 29947 | D:14     | Found a transporter.
 30088 | D:14     | Found a blossoming altar of Fedhas.
 30181 | D:14     | Found a gate to the Vaults.
 30247 | D:14     | Found Doocvunu's Weapon Emporium.
 30353 | D:14     | Killed Jaliuk's ghost
 30353 | D:14     | Reached skill level 5 in Invocations
 30586 | D:15     | Entered Level 15 of the Dungeon
 30678 | D:15     | Found a gate leading to a gauntlet.
 30682 | Gauntlet | Entered a Gauntlet
 30682 | Gauntlet | Found a transporter.
 30686 | Gauntlet | Found a transporter.
 30688 | Gauntlet | Found a transporter.
 30692 | Gauntlet | Found a transporter.
 30693 | Gauntlet | Found a transporter.
 30700 | Gauntlet | Found a transporter.
 30721 | Gauntlet | Found a transporter.
 30723 | Gauntlet | Found a transporter.
 30742 | Gauntlet | Found a transporter.
 30763 | Gauntlet | Found a transporter.
 30765 | Gauntlet | Found a transporter.
 30783 | Gauntlet | Found a transporter.
 31041 | Gauntlet | Reached skill level 5 in Evocations
 31058 | Gauntlet | Got a shimmering silver amulet
 31068 | Gauntlet | Identified the amulet "Qoaleipi" {Spirit rElec rPois rC+
                  | MR+} (You found it in a Gauntlet)
 31169 | D:15     | Found Buoff's Armour Emporium.
 31211 | D:15     | Noticed Rupert
 31240 | D:15     | Killed Rupert
 31966 | D:15     | Received a gift from Okawaru
 32213 | D:15     | Found a staircase to the Depths.
 32319 | D:15     | Found a roughly hewn altar of Beogh.
 32505 | Depths:1 | Entered Level 1 of the Depths
 32546 | Depths:1 | Reached XP level 18. HP: 100/120 MP: 8/24
 32963 | Depths:1 | Reached skill level 10 in Invocations
 32983 | Depths:1 | Noticed Asterion
 33035 | Depths:1 | Killed Asterion
 33283 | Depths:1 | Noticed Saint Roka
 33311 | Depths:1 | Found a one-way gate to the infinite horrors of the Abyss.
 33518 | Depths:1 | Killed Saint Roka
 33518 | Depths:1 | Received a gift from Okawaru
 33526 | Depths:1 | Got a fine scale mail {god gift}
 33527 | Depths:1 | Identified the +5 scale mail of the Okapi {-Cast rElec rC+
                  | Str+7} (Okawaru gifted it to you on level 1 of the Depths)
 33985 | Depths:2 | Reached skill level 10 in Evocations
 34592 | Depths:2 | Reached XP level 19. HP: 106/125 MP: 4/28
 34653 | Depths:2 | HP: 1/125 [deep troll earth mage (7)]
 34653 | Depths:2 | Slain by an acid blob

Illustrated notes

Levels and vault maps discovered:
D:1:      sevenhm_arrival_forest_fort_small_6, layout_basic,
          minmay_misc_feat_alley
D:2:      layout_rooms, minitemple, dk_noncrumbling_3, minmay_pentomino_z4
D:3:      layout_basic, first_ration
D:4:      layout_basic, chequers_temple_overflow_statue_of_worship,
          serial_curves, eino_curves_04, eino_curves_03, eino_curves_03,
          uniq_crazy_yiuf_cottage, uniq_grinder
D:5:      layout_loops_ring, lightli_temple_of_fire, grunt_temple_overflow_open,
          minmay_temple_entry_trees
D:6:      layout_basic, grunt_temple_overflow_magic_moments, uniq_sigmund,
          uniq_duvessa
D:7:      layout_cave_pods, hangedman_abyss_or_decor_stagger,
          serial_park_tiny_2, the_bakery
D:8:      minmay_slanted_spiral_squares, layout_layer_cave, minivault_12
D:9:      layout_big_octagon, minmay_lair_entry_grove, xom_redecorated
D:10:     layout_irregular_city, david_orc_5
D:11:     layout_long_grid, serial_shops, nicolae_shop_window_shopping,
          kennysheep_opposing_triangles
D:12:     layout_loops_cross, serial_shops, shop, basic_altar,
          nicolae_gozag_zags_fifth_avenue
D:13:     layout_basic
D:14:     layout_long_grid, david_vaults_1, serial_shops, kennysheep_mini_moat,
          gammafunk_ghost_mausoleum, fedhas_altar_fruit_tree, st_stairs_14
D:15:     grunt_enter_depths_hoard, layout_basic, special_room
          [special_room_orc], serial_shops, shop, gauntlet_entry_generic,
          chequers_serial_rivers_small_b, uniq_rupert
Temple:   jpeg_temple_alley_garden
Lair:1:   layout_chaotic_city, beast_lair_carwin_7
Lair:2:   layout_small_grid, elwin_shoals_entry_rocks, spider_nest_entry_rubble,
          serial_bayou_shore_b
Lair:3:   layout_regular_city, serial_bayou, serial_bayou_pond_b,
          serial_bayou_pond_a, serial_bayou_pond_b, serial_bayou_lagoon_b,
          bobbens_dragon_lair_wall, infiniplex_staircase_pool,
          lemuel_fruit_fields
Lair:4:   layout_misc_corridors, chequers_serial_rivers_room_b,
          chequers_serial_rivers_small_b, st_stairs_4, lemuel_fruit_tree
Lair:5:   layout_regular_city, uniq_urug
Lair:6:   evil_forest, layout_regular_city, slime_dummy, st_stairs_10,
          serial_bayou_shore_b, grunt_megastairs_5, infiniplex_staircase_pool_2
Orc:1:    layout_diamond_mine, serial_shops, nicolae_shop_crystal,
          nicolae_shop_waterfront, shop, uniq_nergalle
Orc:2:    pf_orc_diabolical, layout_diamond_mine, uniq_donald
Depths:1: layout_basic, abyss_entry_small_statue_room, kennysheep_crisscross,
          rand_demon_pan_entry_4, hell_entry, minmay_misc_feat_columns,
          kennysheep_generic_room_16, uniq_saint_roka, uniq_asterion
Depths:2: dpeg_oklob_gauntlet, layout_cave_shapes, minmay_misc_feat_nine_boxes,
          grunt_metal_band

Skill      XL: |  1  2  3  4  5  6  7  8  9 10 11 12 13 14 15 16 17 18 |
---------------+-------------------------------------------------------+-----
Maces & Flails | 3 4 5 7 9 11 13 14 15 16 | 16.0
Fighting       | 6 9 13 15 | 15.7
Shields        | 5 9 12 14 | 14.8
Armour         | 8 11 13 14 | 14.3
Invocations    | 8 12 | 12.5
Evocations     | 7 10 | 10.8

Action                   |  1- 3 |  4- 6 |  7- 9 | 10-12 | 13-15 | 16-18 | 19-21 || total
-------------------------+-------+-------+-------+-------+-------+-------+-------++-------
Melee: Flail             |   136 |    98 |       |       |  2181 |   552 |       ||  2967
       Mace              |       |     2 |   561 |    59 |       |       |       ||   622
       Morningstar       |       |       |       |   730 |    92 |       |       ||   822
       Dire flail        |       |       |       |    11 |       |       |       ||    11
       Demon whip        |       |       |       |       |       |   917 |    39 ||   956
       Headbutt          |       |       |       |       |       |   430 |    22 ||   452
Throw: Javelin           |       |       |       |    10 |     8 |       |       ||    18
       Dart              |       |       |       |     2 |       |       |       ||     2
Invok: Finesse           |       |       |     1 |       |     1 |     4 |       ||     6
       Heroism           |       |       |       |     3 |     1 |     1 |       ||     5
 Abil: Fly               |       |       |       |       |     1 |       |       ||     1
       Stop Flying       |       |       |       |       |     1 |       |       ||     1
Evoke: Wand              |       |     6 |     5 |     8 |     3 |       |       ||    22
  Use: Scroll            |       |       |    11 |       |    21 |    12 |       ||    44
       Potion            |       |       |       |     4 |     6 |     2 |       ||    12
 Stab: Invisible         |       |       |     1 |       |       |     3 |       ||     4
       Distracted        |       |       |       |       |       |     1 |       ||     1
  Eat: Chunk             |     2 |     8 |    14 |    19 |    48 |    20 |       ||   111
       Ration            |       |       |       |       |       |     1 |       ||     1
Armor: Scale mail        |    81 |    35 |   311 |       |       |       |       ||   427
       Acid dragon scale |       |       |    35 |   370 |   352 |       |       ||   757
       Plate armour      |       |       |       |       |   604 |   492 |    15 ||  1111
       Swamp dragon scal |       |       |       |       |    33 |       |       ||    33
Dodge: Dodged            |    70 |    32 |   251 |   349 |   528 |   193 |     7 ||  1430
Block: Kite shield       |    82 |    45 |       |       |       |       |       ||   127
       Buckler           |       |     2 |   167 |   342 |  1857 |   907 |    24 ||  3299
       Reflection        |       |       |       |       |    41 |    38 |     1 ||    80
